AoeStats
← Simon Stokvis

Nomad

503431230Analyzed
4v4 RM · 1mo ago on Aug 31, 2026· 59m 31s· 8 players
Game mode
Random Map
Map size
231×231
Population
200
Speed
Normal
Resources
Standard
Victory
Conquest
Starting age
Dark Age
Ending age
Imperial Age
RankedLock teamsTeams togetherTeam positionsShared explorationLock speedFull tech treeHidden civsTurbo modeCheats
Victory
Defeat
🇩🇪 Bulgarians · Germany
1523
+13
🇳🇱 Malay · Netherlands
1508
+14
🇨🇳 Persians · China
1500
+15
🇩🇪 Italians · Germany
1451
+17
🇺🇸 Huns · United States
1491
-16
🇨🇭 Spanish · Switzerland
1468
-15
🇨🇴 Vietnamese · Colombia
1464
-15
🇳🇱 Persians · Netherlands
1449
-14
mikeymazko
4:25 Loom
13:17 Feudal Age
17:36 Castle Age
16:03 Double-Bit Axe
19:10 Wheelbarrow
19:00 Medium Warships
19:08 Bow Saw
20:53 Fishing Lines
22:16 Town Watch
24:43 Horse Collar
27:19 Gillnets
27:42 Pikeman
28:47 Gold Mining
30:32 Heavy Plow
34:38 Imperial Age
34:06 Scale Barding Armor
35:04 Bloodlines
35:01 Marauders
35:35 Chain Barding Armor
35:26 Forging
35:33 Husbandry
35:21 Capped Ram
36:05 Halberdier
37:31 Conscription
37:40 Scale Mail Armor
38:59 Two-Man Saw
38:22 Squires
40:14 Chain Mail Armor
42:30 Iron Casting
43:37 Elite Tarkan
45:21 Blast Furnace
45:22 Gold Shaft Mining
45:41 Hand Cart
46:05 Plate Barding Armor
47:19 Fletching
48:15 Bodkin Arrow
50:47 Cavalier
54:38 Bracer
Livaï
3:50 Loom
15:41 Feudal Age
16:25 Town Watch
19:20 Castle Age
20:37 Fletching
31:23 Ballistics
33:24 Scale Mail Armor
33:34 Forging
33:26 Horse Collar
33:37 Gold Mining
33:40 Double-Bit Axe
35:42 Bow Saw
36:41 Forging
39:36 Chain Mail Armor
39:57 Iron Casting
39:51 Squires
41:22 Iron Casting
44:25 Imperial Age
43:07 Wheelbarrow
42:27 Arson
42:40 Bodkin Arrow
42:32 Pikeman
43:24 Heavy Plow
43:17 Stone Mining
44:28 Elite Fire Lancer
50:00 Two-Man Saw
48:25 Crossbowman
49:28 Bracer
50:30 Chemistry
49:17 Arbalester
50:00 Padded Archer Armor
52:10 Halberdier
55:43 Crop Rotation
55:33 Hand Cart
55:48 Elite Skirmisher
58:15 Paper Money
58:24 Imperial Skirmisher
lorddoc
5:23 Loom
14:26 Feudal Age
18:28 Castle Age
16:51 Double-Bit Axe
19:26 Medium Warships
21:51 Wheelbarrow
21:28 Fletching
22:20 Bodkin Arrow
31:24 Padded Archer Armor
35:07 Hand Cart
40:48 Imperial Age
41:01 Imperial Age
48:14 Leather Archer Armor
49:45 Conscription
50:14 Ring Archer Armor
pac.Padawan NL
13:42 Feudal Age
21:37 Castle Age
20:04 Forging
24:26 Iron Casting
24:45 Demolition Ship
25:42 Medium Warships
27:07 Double-Bit Axe
27:03 Horse Collar
29:05 Bow Saw
30:52 Loom
32:41 Wheelbarrow
33:44 Husbandry
33:54 Bloodlines
34:43 Heavy Plow
35:35 Bloodlines
35:51 Scale Barding Armor
35:59 Fletching
37:38 Chain Barding Armor
38:45 Hand Cart
38:35 Town Watch
45:01 Imperial Age
43:09 Bodkin Arrow
47:33 Cavalier
50:35 Plate Barding Armor
51:42 Gold Mining
53:38 Conscription
55:32 Ballistics
56:12 Chemistry
55:14 Kamandaran
55:47 Savar
55:51 Crossbowman
56:37 Thumb Ring
56:50 Capped Ram
58:55 Murder Holes
Simon Stokvis
3:05 Loom
13:38 Feudal Age
33:30 Castle Age
37:47 Fletching
47:01 Imperial Age
49:51 Pikeman
50:45 Forging
51:11 Halberdier
52:07 Squires
54:23 Iron Casting
骑人机的骑士
12:37 Feudal Age
16:06 Castle Age
14:35 Double-Bit Axe
16:46 Loom
22:51 Horse Collar
29:43 Imperial Age
27:58 Wheelbarrow
27:57 Forging
27:52 Scale Barding Armor
27:51 Fishing Lines
28:34 Heavy Plow
28:47 Husbandry
28:58 Bloodlines
29:06 Scale Barding Armor
30:00 Iron Casting
29:45 Bloodlines
29:38 Gold Mining
29:39 Stone Mining
29:35 Cavalier
31:20 Chain Barding Armor
32:31 Blast Furnace
32:45 Plate Barding Armor
33:21 Crop Rotation
34:10 Gold Shaft Mining
35:03 Conscription
35:12 Savar
39:13 Hand Cart
40:50 Heavy Camel Rider
43:40 Padded Archer Armor
44:38 Coinage
45:17 Chemistry
44:37 Ballistics
46:26 Banking
46:07 Guilds
45:58 Caravan
47:16 Stone Shaft Mining
55:03 Bow Saw
Richman
5:19 Loom
11:42 Feudal Age
12:21 Double-Bit Axe
18:18 Fletching
22:16 Castle Age
23:26 Medium Warships
33:30 Fishing Lines
34:54 Bow Saw
36:30 Gillnets
41:55 Imperial Age
40:47 Padded Archer Armor
40:43 Bodkin Arrow
41:39 Leather Archer Armor
43:41 Chemistry
42:10 Crossbowman
43:07 Bracer
44:02 Thumb Ring
44:16 Arbalester
46:40 Ballistics
46:54 Ring Archer Armor
58:03 Elite Skirmisher
konstid
5:18 Loom
13:29 Feudal Age
17:34 Castle Age
16:46 Double-Bit Axe
17:38 Town Watch
20:12 Bow Saw
23:30 Gold Mining
24:32 Scale Barding Armor
24:40 Horse Collar
28:57 Wheelbarrow
36:24 Imperial Age
33:52 Stone Mining
34:34 Fishing Lines
36:52 Chain Barding Armor
37:46 Plate Barding Armor
38:03 Forging
38:02 Elite Konnik
39:23 Husbandry
39:42 Bloodlines
40:53 Iron Casting
40:57 Squires
40:42 Gambesons
41:34 Conscription
41:41 Scale Mail Armor
43:04 Blast Furnace
45:31 Bagains
46:04 Chain Mail Armor
46:22 Coinage
46:37 Hand Cart
48:43 Plate Mail Armor
48:58 Pikeman
50:36 Fletching
53:04 Halberdier
54:32 Light Cavalry
55:09 Bodkin Arrow
57:08 Bracer
57:22 Arson
57:48 Hussar
60:04 Banking
Connection lost

Rejoining the realm…

Still unreachable

The connection could not be restored.

Session expired

The server has moved on; the page needs a fresh start.